 Dungeon Crawl Stone Soup version 0.18.1-8-gdd0e5ea (webtiles) character file.

9578 striepan the Carver (level 11, 0/104 HPs)
             Began as a Minotaur Fighter on May 26, 2016.
             Was a High Priest of Okawaru.
             Killed from afar by an electric eel (16 damage)
             ... with a bolt of electricity
             ... on level 10 of the Dungeon.
             The game lasted 01:21:32 (12078 turns).

striepan the Carver (Minotaur Fighter)             Turns: 12078, Time: 01:21:33

Health: 0/104      AC: 15    Str: 31    XL:     11   Next: 24%
Magic:  12/12      EV:  5    Int:  8    God:    Okawaru [*****.]
Gold:   349        SH: 15    Dex: 14    Spells: 0 memorised, 10 levels left

rFire  . . .     SeeInvis .     a - +0 long sword
rCold  . . .     Gourm    .     e - +0 plate armour (curse)
rNeg   . . .     Faith    .     c - +0 shield
rPois  +         Spirit   .     t - +1 hat
rElec  .         Dismiss  .     (no cloak)
rCorr  .         Reflect  +     (no gloves)
SustAt .         Harm     .     (no boots)
MR     .....                    P - amulet of Zocvupsikk {Reflect rPois Str+9 Int-3 SH+5}
Stlth  ..........               R - +2 ring of strength
                                h - +6 ring of intelligence

@: about to teleport, not resistant to hostile enchantments, extremely
unstealthy
A: retaliatory headbutt, horns 2
a: Heroism, Finesse, Renounce Religion


You were on level 10 of the Dungeon.
You worshipped Okawaru.
Okawaru was extremely pleased with you.
You were not hungry.

You visited 2 branches of the dungeon, and saw 11 of its levels.

You collected 928 gold pieces.
You spent 579 gold pieces at shops.

Inventory:

Hand Weapons
 a - a +0 long sword (weapon)
 y - a +0 rapier
Armour
 b - a +0 scale mail
 c - a +0 shield (worn)
 e - a cursed +0 plate armour (worn)
 t - a +1 hat (worn)
Jewellery
 h - a +6 ring of intelligence (left hand)
 v - an uncursed ring of ice
 x - an uncursed ring of sustain attributes
 P - the amulet of Zocvupsikk (around neck) {Reflect rPois Str+9 Int-3 SH+5}
   (You bought it in a shop on level 9 of the Dungeon)

   [amulet of reflection]

   It shields you and reflects attacks.
   It affects your strength (+9).
   It affects your intelligence (-3).
   It protects you from poison.
   It affects your SH (+5).
 R - a +2 ring of strength (right hand)
Wands
 l - a wand of flame (22/48)
 C - a wand of polymorph (9/24)
 D - a wand of lightning (5/15)
 J - a wand of acid (11/15)
 K - a wand of acid (3/15)
 O - a wand of paralysis (8/24)
Scrolls
 k - a scroll of teleportation
 o - 4 scrolls of identify
 q - 4 scrolls of enchant armour
 u - 4 scrolls of remove curse
 B - 3 scrolls of recharging {unknown}
 E - 5 scrolls of magic mapping
 F - a scroll of enchant weapon {unknown}
 H - a scroll of fog {unknown}
 I - a scroll of amnesia {unknown}
 N - a scroll of noise {unknown}
Potions
 d - 2 potions of might
 g - 2 potions of haste {unknown}
 i - 5 potions of curing
 j - a potion of lignification {unknown}
 n - 2 potions of flight {unknown}
 p - 4 potions of resistance
 r - 2 potions of berserk rage {unknown}
 z - 3 potions of brilliance {unknown}
 A - a potion of heal wounds {unknown}
 L - a potion of cure mutation {unknown}
 M - 3 potions of invisibility {unknown}
Books
 m - a Young Poisoner's Handbook

   Spells                             Type                      Level
   a - Sting                          Conjuration/Poison           1
   b - Cure Poison                    Poison                       2
   c - Mephitic Cloud                 Conjuration/Poison/Air       3
   d - Olgreb's Toxic Radiance        Poison                       4
   e - Venom Bolt                     Conjuration/Poison           5
 Q - a book of Misfortune

   Spells                             Type                      Level
   a - Confusing Touch                Hexes                        2
   b - Confuse                        Hexes                        3
   c - Gell's Gravitas                Hexes/Translocation          3
   d - Petrify                        Transmutation/Earth          4
   e - Metabolic Englaciation         Hexes/Ice                    5
   f - Yara's Violent Unravelling     Hexes/Transmutation          5
Comestibles
 f - 6 bread rations
 s - 6 royal jellies
 w - 3 meat rations
 G - 3 fruits


   Skills:
 - Level 12.0 Fighting
 + Level 14.5 Long Blades
 - Level 9.0 Armour
 - Level 3.6 Shields
 - Level 3.0 Evocations


You had 10 spell levels left.
You didn't know any spells.

Dungeon Overview and Level Annotations

Branches:
Dungeon (10/15)            Temple (1/1) D:6            Lair (0/8) D:10
    Orc (0/2) D:10

Altars:
Cheibriados
Fedhas
Gozag
Makhleb
Nemelex Xobeh
Okawaru
Pakellas
Qazlal
Ru
Sif Muna
Trog
Vehumet
Xom
Yredelemnul
Zin
The Shining One

Shops:
D:6 *   D:9 [[}*}


Innate Abilities, Weirdness & Mutations

You reflexively headbutt those who attack you in melee.
You have a pair of horns on your head.


Message History

* * * LOW HITPOINT WARNING * * *
Drink which item? (? for menu, Esc to quit)
You feel better.
Your surroundings suddenly seem different.
Splash!
You fall into the shallow water.
Moving in this stuff is going to be slow.
Read which item? (? for menu, Esc to quit)
As you read the scroll of teleportation, it crumbles to dust.
You feel strangely unstable.
The electric eel shoots out a bolt of lightning at you!
The bolt of electricity hits you!
The electric eel shoots out a bolt of lightning at you!
The bolt of electricity hits you!
* * * LOW HITPOINT WARNING * * *
Drink which item? (? for menu, Esc to quit)
You feel better.
The electric eel shoots out a bolt of lightning at you!
The bolt of electricity hits you!
You die...

##...## #.### #
#..#..#######...##
#................###
#...................#
#......≈.≈.≈≈..≈....#
#.....≈≈.≈.≈≈≈.≈....#
#....≈≈≈.≈.≈≈≈≈≈....#######
#....≈≈≈≈≈.≈≈≈≈............
#....≈≈≈≈≈@≈≈≈..≈...#######
###...≈≈;≈.≈≈≈≈≈..###
#...≈≈≈≈...≈≈≈..#
#..≈≈≈...≈≈≈≈≈≈.#
#..≈≈≈.≈..≈≈≈≈≈≈#
#...≈......≈≈≈≈≈#
#..≈≈.≈.>.≈≈≈≈≈≈#
#..≈≈≈....≈≈≈;≈≈###
#.≈≈≈≈.≈.≈.≈≈≈;≈..#


You could see 2 electric eels.

Vanquished Creatures
  Snorg (D:10)
  Pikel (D:7)
  2 trolls (D:10)
  A two-headed ogre (D:9)
  A queen bee (D:9)
  11 yaks
  Menkaure (D:7)
  Duvessa (D:6)
  4 ice beasts
  An orc warrior (D:9)
  4 sky beasts
  3 phantoms
  A black bear (D:5)
  5 ogres
  6 centaurs
  A crocodile (D:9)
  2 wolves (D:10)
  4 giant frogs
  Blork the orc (D:5)
  A big kobold (D:10)
  A water moccasin zombie (D:6)
  A wyvern skeleton (D:7)
  Dowan (D:6)
  4 scorpions
  24 killer bees
  3 crimson imps
  2 quasits
  2 giant frog zombies
  7 hounds
  A centaur zombie (D:10)
  2 centaur skeletons
  7 orc wizards
  3 iguanas
  Natasha (thrice) (D:2)
  9 worker ants
  A hound skeleton (D:6)
  A worker ant zombie (D:10)
  11 gnolls
  15 adders
  4 shadow imps
  An ooze (D:4)
  2 adder zombies
  2 adder skeletons
  4 worms
  3 dart slugs
  3 giant geckos
  26 orcs
  A bat (D:2)
  6 giant cockroaches
  9 hobgoblins
  15 jackals
  16 kobolds
  2 quokkas
  6 giant newts
  8 goblins
  2 jackal zombies
  A quokka skeleton (D:6)
  8 rats
269 creatures vanquished.

Vanquished Creatures (others)
  A slave (D:10)
  A giant frog (D:7)
  2 orcs (D:10)
4 creatures vanquished.

Grand Total: 273 creatures vanquished

Notes
Turn   | Place    | Note
--------------------------------------------------------------
     0 | D:1      | striepan the Minotaur Fighter began the quest for the Orb.
     0 | D:1      | Reached XP level 1. HP: 19/19 MP: 0/0
     6 | D:1      | Noticed a lindwurm
     6 | D:1      | Noticed a hound
     7 | D:1      | Noticed a black mamba
     7 | D:1      | Noticed a killer bee
   183 | D:1      | Reached skill level 3 in Long Blades
   214 | D:1      | Reached XP level 2. HP: 22/26 MP: 1/1
   555 | D:2      | Noticed Natasha
   568 | D:2      | Noticed a crimson imp
   582 | D:2      | Noticed a crimson imp
   614 | D:2      | Noticed a crimson imp
   822 | D:2      | Reached skill level 4 in Long Blades
   926 | D:2      | Reached XP level 3. HP: 25/31 MP: 2/2
  1123 | D:2      | Killed Natasha
  1123 | D:2      | Reached skill level 5 in Long Blades
  1466 | D:2      | Noticed Natasha
  1471 | D:2      | Killed Natasha
  1471 | D:2      | Reached XP level 4. HP: 25/39 MP: 3/3
  1718 | D:2      | Noticed Natasha
  1726 | D:2      | Killed Natasha
  1726 | D:2      | Reached skill level 6 in Long Blades
  2046 | D:2      | Reached XP level 5. HP: 42/45 MP: 4/4
  2923 | D:4      | Reached skill level 7 in Long Blades
  3073 | D:4      | Noticed an ogre
  3199 | D:4      | Killed an ogre
  3199 | D:4      | Reached XP level 6. HP: 52/52 MP: 5/5
  3723 | D:4      | Reached skill level 8 in Long Blades
  4075 | D:5      | Entered Level 5 of the Dungeon
  4209 | D:5      | Found a sacrificial altar of Ru.
  4209 | D:5      | Noticed a sky beast
  4217 | D:5      | Killed a sky beast
  4217 | D:5      | Reached skill level 9 in Long Blades
  4217 | D:5      | Reached XP level 7. HP: 49/59 MP: 6/6
  4529 | D:5      | Found a burning altar of Makhleb.
  4541 | D:5      | Noticed Blork the orc
  4549 | D:5      | Killed Blork the orc
  4601 | D:5      | Reached skill level 10 in Long Blades
  4971 | D:5      | Found a blossoming altar of Fedhas.
  5080 | D:6      | Reached XP level 8. HP: 66/66 MP: 7/7
  5090 | D:6      | Found Qamaesoh's General Store.
  5093 | D:6      | Bought a potion of curing for 39 gold pieces
  5093 | D:6      | Bought a scroll of identify for 26 gold pieces
  5093 | D:6      | Bought a scroll of identify for 26 gold pieces
  5177 | D:6      | Reached skill level 11 in Long Blades
  5203 | D:6      | Found a staircase to the Ecumenical Temple.
  5215 | Temple   | Entered the Ecumenical Temple
  5247 | Temple   | Became a worshipper of Warmaster Okawaru
  5508 | D:6      | Reached skill level 12 in Long Blades
  5980 | D:6      | Found a glowing silver altar of Zin.
  6011 | D:6      | Reached skill level 5 in Fighting
  6247 | D:6      | Noticed Dowan
  6248 | D:6      | Noticed Duvessa
  6253 | D:6      | Killed Duvessa
  6267 | D:6      | Killed Dowan
  6621 | D:7      | Found a stormy altar of Qazlal.
  6622 | D:7      | Found a radiant altar of Vehumet.
  6715 | D:7      | Reached * piety under Okawaru
  6765 | D:7      | Reached XP level 9. HP: 76/79 MP: 8/8
  6824 | D:7      | Noticed Menkaure
  6838 | D:7      | Killed Menkaure
  6838 | D:7      | Reached skill level 13 in Long Blades
  6917 | D:7      | Noticed Pikel
  6953 | D:7      | Killed Pikel
  6953 | D:7      | Reached ** piety under Okawaru
  6953 | D:7      | Reached skill level 14 in Long Blades
  7030 | D:7      | Found a sparkling altar of Nemelex Xobeh.
  7030 | D:7      | Found a sacrificial altar of Ru.
  7032 | D:7      | Found an opulent altar of Gozag.
  7032 | D:7      | Found an oddly glowing altar of Pakellas.
  7033 | D:7      | Found a bloodstained altar of Trog.
  8577 | D:8      | Reached XP level 10. HP: 93/93 MP: 9/9
  8684 | D:8      | Reached skill level 10 in Fighting
  8940 | D:9      | Found Fuos Box's Armour Shoppe.
  8971 | D:9      | Reached *** piety under Okawaru
  9005 | D:9      | Found a shimmering altar of Xom.
  9503 | D:9      | Found Ahuam's General Store.
  9566 | D:9      | Found Ywohaa's Armour Shoppe.
  9643 | D:9      | Reached **** piety under Okawaru
  9643 | D:9      | Reached skill level 5 in Armour
 10326 | D:9      | Found Othakyb's Gadget Shoppe.
 10340 | D:9      | Found Filoegu's Gadget Shop.
 10624 | D:9      | Bought the amulet of Zocvupsikk {Reflect rPois Str+9 Int-3 SH+5} for 488 gold pieces
 10803 | D:10     | Entered Level 10 of the Dungeon
 10877 | D:10     | Reached XP level 11. HP: 79/104 MP: 10/10
 11040 | D:10     | Reached skill level 1 in Evocations
 11069 | D:10     | Noticed Snorg
 11085 | D:10     | Killed Snorg
 11085 | D:10     | Reached ***** piety under Okawaru
 11417 | D:10     | Found a staircase to the Orcish Mines.
 11656 | D:10     | Found a staircase to the Lair.
 12078 | D:10     | Killed from afar by an electric eel

Skill      XL: |  1  2  3  4  5  6  7  8  9 10 11 |
---------------+----------------------------------+-----
Long Blades    | 3 4 5 6 7 9 10 12 14 | 14.5
Fighting       | 4 7 9 12 | 12.0
Armour         | 4 9 |  9.0
Evocations     | 3 |  3.0
Shields        | |  3.6

Action                   |  1- 3 |  4- 6 |  7- 9 | 10-12 || total
-------------------------+-------+-------+-------+-------++-------
Melee: Long sword        |    71 |   175 |   344 |   400 ||   990
       Headbutt          |    12 |    32 |    68 |   100 ||   212
Invok: Heroism           |       |       |     1 |     5 ||     6
  Use: Scroll            |       |       |     3 |     4 ||     7
       Potion            |       |       |       |     3 ||     3
 Stab: Distracted        |       |       |     1 |       ||     1
  Eat: Chunk             |     2 |     9 |    11 |     4 ||    26
       Pizza             |       |       |     1 |       ||     1
       Beef jerky        |       |       |     1 |       ||     1
       Royal jelly       |       |       |       |     4 ||     4
Armor: Scale mail        |    25 |    38 |    21 |       ||    84
       Plate armour      |       |       |   117 |   149 ||   266
Dodge: Dodged            |    19 |    46 |    44 |    44 ||   153
Block: Shield            |    24 |    83 |   116 |   189 ||   412
       Reflection        |       |       |       |     3 ||     3
